 Dungeon Crawl Stone Soup version 0.30-b1-2-g02819fbbbe (webtiles) character file.

Game seed: 4939856996964600747

44 Mesmaeker13 the Insei (level 3, -3/23 HPs)
             Began as an Octopode Transmuter on May 22, 2023.
             Slain by an ogre
             ... wielding a +0 giant spiked club
              (26 damage)
             ... on level 3 of the Dungeon.
             The game lasted 00:02:01 (1888 turns).

Mesmaeker13 the Insei (Octopode Transmuter)         Turns: 1888, Time: 00:02:01

Health: -3/23      AC:  2    Str:  9    XL:     3   Next: 62%
Magic:  3/6        EV: 19    Int: 17    God:
Gold:   119        SH:  0    Dex: 17    Spells: 0/6 levels left

rFire   . .          .
                       - Unarmed
rCold   . . .        (shield currently unavailable)
rNeg    . . .        (helmet currently unavailable)
rPois   x            (no amulet)
rElec   .            (no ring)
rCorr   .            (no ring)
SInv    .            (no ring)
Will    .....        (no ring)
Stlth   ++           (no ring)
HPRegen 0.23/turn    (no ring)
MPRegen 0.10/turn    (no ring)
                     (no ring)

%: no passive effects
@: spider-form (expiring), studying Unarmed Combat
A: venomous fangs, almost no armour, (amphibious), 8 rings, tiny, (camouflage
1), (gelatinous body 1), (nimble swimmer 1), (tentacles)
a: End Transformation


You were on level 3 of the Dungeon.
You were a venomous arachnid creature.
You visited 1 branch of the dungeon, and saw 3 of its levels.

You collected 119 gold pieces.

Inventory:

Scrolls
 c - a scroll of poison {unknown}
 e - a scroll of vulnerability {unknown}
 g - a scroll of teleportation {unknown}
 i - 2 scrolls of blinking {unknown}
Potions
 a - a potion of lignification
 b - a potion of flight {unknown}
 d - a potion of resistance {unknown}
 f - a potion of heal wounds {unknown}
 h - a potion of ambrosia {unknown}


   Skills:
 + Level 1.6 Fighting
 - Level 2.3 Dodging
 + Level 3.4 Unarmed Combat
 - Level 2.3 Spellcasting
 + Level 2.4 Transmutations
 + Level 0.4 Poison Magic


You couldn't memorise any spells.
You knew the following spells:

 Your Spells              Type           Power      Damage    Failure   Level
a - Beastly Appendage     Tmut           20%        N/A       19%         1
b - Wereblood             Tmut           10%        N/A       26%         2
c - Spider Form           Tmut/Pois      7%         N/A       52%         3

Your spell library contained the following spells:

 Spells                   Type           Power      Damage    Failure   Level
 Sting                    Tmut/Pois      28%        1d4       26%         1
 Poisonous Vapours        Pois/Air       4%         N/A       47%         2
 Ice Form                 Ice/Tmut       6%         N/A       89%         4
 Olgreb's Toxic Radiance  Pois           3%         N/A       94%         4


Dungeon Overview and Level Annotations

Branches:
Dungeon (3/15)

Altars:

Shops:
D:2 *


Innate Abilities, Weirdness & Mutations

You are a venomous arachnid creature.
You have venomous fangs.
You are tiny and dextrous.
Your spellcasting is less reliable in this form.
Your armour is entirely melded.
You are incapable of wielding weapons or throwing items.
You cannot wear most types of armour.
((You are amphibious.))
You can wear up to eight rings at the same time.
((Your skin changes colour to match your surroundings (Stealth+).))
((Your rubbery body absorbs attacks. (AC +1, EV +1)))
((You are camouflaged when in or above water. (Stealth+)))
((You have tentacles for arms and can constrict up to eight enemies at once.))


Message History

Found a stone staircase leading up.
Your tentacle spike disappears.
You see here an adder corpse.
A ball python comes into view.
A ball python is nearby!
A ball python is nearby!
Casting: Beastly Appendage (safe; 7% risk of failure)
Confirm with . or Enter, or press ? or * to list all spells.
One of your tentacles grows a vicious spike.
The ball python hisses angrily.
The ball python closely misses you. The ball python misses you.
You tentacle-slap the ball python. You grab the ball python.
The ball python is moderately wounded.
You constrict the ball python.
You kill the ball python!
No target in view!
Done exploring.
Done exploring.
You see here a ball python corpse.
Your transformation is almost over.
Your tentacle spike disappears.
There is a stone staircase leading down here.
You climb downwards.
Found a scroll labelled TAANYFO QE QOYC and a book of Spectacle.
There is a stone staircase leading up here.
Okay, then.
You climb upwards.
There is a stone staircase leading down here.
Casting: Beastly Appendage (safe; 7% risk of failure)
Confirm with . or Enter, or press ? or * to list all spells.
The spell is extremely dangerous to miscast (30% risk of failure)!
Continue anyway?
You turn into a venomous arachnid creature.
You climb downwards.
There is a stone staircase leading up here.
Your transformation is almost over.
Found a yellow potion.
You barely miss the ogre.
The ogre hits you with a +0 giant spiked club!!
Ouch! That really hurt!
You die...

#+ #. #.
######... ###
##.##........
....#...#<#
!........?#
##.#.:s#.#
#....O.....#
#.##.##.#....
.. #. #.##.##
## #. #.# ##
#. #.. #. ##
#.


You could see an ogre.

Vanquished Creatures
  An adder (D:2)
  2 dart slugs (D:2)
  2 ball pythons (D:2)
  5 bats
  2 endoplasms
  3 giant cockroaches
  2 goblins
  2 hobgoblins (D:2)
  2 jackals (D:1)
  2 kobolds
  3 quokkas
  A rat (D:2)
27 creatures vanquished.

Notes
Turn   | Place    | Note
-------+----------+-------------------------------------------
     0 | D:1      | Mesmaeker13 the Octopode Transmuter began the quest for the
                  | Orb.
     0 | D:1      | Reached XP level 1. HP: 13/13 MP: 3/3
   184 | D:1      | Reached XP level 2. HP: 15/18 MP: 3/5
   187 | D:1      | Learned a level 2 spell: Wereblood
   630 | D:1      | Found a faded altar of an unknown god.
  1165 | D:2      | Reached XP level 3. HP: 23/23 MP: 4/6
  1169 | D:2      | Learned a level 3 spell: Spider Form
  1216 | D:2      | Found Ympiy's General Store.
  1880 | D:3      | Noticed an ogre
  1888 | D:3      | Slain by an ogre

Illustrated notes

Levels and vault maps discovered:
D:1:      dpeg_arrival_fog, layout_loops_corners,
          hellmonk_ecumenical_altar_pennies_from_heaven
D:2:      layout_basic, serial_shops, shop
D:3:      layout_loops_corners, grunt_gozag_breadcrumbs, jmf_multi_god_temple2,
          uniq_terence

Action                     || total
---------------------------++-------
  Melee: Unarmed           ||    60
         Constrict         ||    14
         Kick              ||    13
         Tentacles         ||    12
         Punch             ||     1
   Cast: Beastly Appendage ||    19
         Wereblood         ||     2
         Spider Form       ||     2
   Stab: Sleeping          ||     3
 Armour: Skin              ||     8
  Dodge: Dodged            ||    48
